 Dungeon Crawl Stone Soup version 0.28-a0-563-gf77a47075d (webtiles) character file.

Game seed: 9623988030124922621

527247 balagan2 the Slayer (level 25, -12/181 HPs)
             Began as a Gargoyle Fighter on Sept 26, 2021.
             Was a High Priest of Okawaru.
             Killed from afar by a golden dragon (37 damage)
             ... with a bolt of cold
             ... on level 1 of the Depths on Sept 30, 2021.
             The game lasted 06:10:15 (105515 turns).

balagan2 the Slayer (Gargoyle Fighter)            Turns: 105515, Time: 06:10:16

Health: -12/181    AC: 58    Str: 34    XL:     25   Next: 50%
Magic:  30/30      EV: 22    Int: 10    God:    Okawaru [*****.]
Gold:   2494       SH: 27    Dex:  9    Spells: 24/24 levels left

rFire   + + .      SeeInvis .   z - +4 eveningstar (vorpal)
rCold   . . .      Faith    .   v - +0 tower shield
rNeg    + + .      Spirit   .   o - +6 fire dragon scales
rPois   ∞          Reflect  +   k - +2 helmet "Ohuyntax" {rElec rN+ Str+3}
rElec   +          Harm     .   P - +1 cloak {Will+}
rCorr   .          Rampage  +   u - +2 pair of gloves
Will    ++...                   Q - +2 pair of boots {rampage}
Stlth   +.........              D - amulet of reflection
HPRegen 0.40/turn               B - +4 ring of evasion
MPRegen 0.22/turn               j - ring of protection from cold

@: heroic, flying
A: sickness immunity, AC +19, big wings, negative energy resistance 1,
electricity resistance, torment resistance 1, petrification resistance
}: 3/15 runes: serpentine, barnacled, silver
a: Renounce Religion, Heroism, Finesse, Duel


You were on level 1 of the Depths.
You worshipped Okawaru.
Okawaru was extremely pleased with you.
You visited 9 branches of the dungeon, and saw 43 of its levels.
You also visited: Wizlab.

You collected 7103 gold pieces.
You spent 4609 gold pieces at shops.

Inventory:

Hand Weapons
 z - a +4 vorpal eveningstar (weapon)
Missiles
 r - 28 javelins
 L - 20 silver javelins (quivered)
Armour
 k - the +2 helmet "Ohuyntax" (worn) {rElec rN+ Str+3}
   (You found it on level 3 of the Elven Halls)

   Str:       It affects your strength (+3).
   rElec:     It insulates you from electricity.
   rN:        It protects you from negative energy.
 o - +6 fire dragon scales (worn)
 u - a +2 pair of gloves (worn)
 v - a +0 tower shield (worn)
 P - a +1 cloak of willpower (worn)
 Q - a +2 pair of boots of rampaging (worn)
Jewellery
 e - an amulet of regeneration
 g - a +4 ring of slaying
 j - a ring of protection from cold (right hand)
 l - a ring of willpower
 n - a ring of protection from fire
 y - a ring of positive energy
 B - a +4 ring of evasion (left hand)
 D - an amulet of reflection (around neck)
 J - a ring of resist corrosion
 K - a +4 ring of evasion
 T - a +4 ring of evasion
 U - a +4 ring of evasion
 V - the amulet of Fallacy {rPois Will+ Regen+}
   (You found it on level 3 of the Crypt)

   [amulet of regeneration]

   rPois:     It protects you from poison.
   Regen:     It increases your rate of health regeneration.
   Will:      It increases your willpower.
 Y - a ring of protection from cold
Wands
 c - a wand of polymorph (8)
 i - a wand of acid (38)
 m - a wand of flame (36)
 C - a wand of iceblast (70)
 O - a wand of digging (6)
Scrolls
 a - 2 scrolls of silence
 b - 3 scrolls of fog
 f - 4 scrolls of teleportation
 s - 22 scrolls of identify
 E - 6 scrolls of blinking
 F - 5 scrolls of fear
 M - 2 scrolls of holy word
 S - a scroll of brand weapon
 W - a scroll of amnesia
 X - 3 scrolls of magic mapping
Potions
 d - 7 potions of might
 h - 2 potions of invisibility
 p - 6 potions of heal wounds
 q - 8 potions of mutation
 w - 10 potions of magic
 x - 4 potions of cancellation
 A - a potion of ambrosia
 G - 2 potions of resistance
 H - 12 potions of curing
 I - 5 potions of attraction
 N - 8 potions of haste
 R - 3 potions of berserk rage
Miscellaneous
 t - a phantom mirror
 Z - a phantom mirror


   Skills:
 + Level 25.0(27) Fighting
 + Level 16.0(21.0) Maces & Flails
 - Level 12.0(17.0) Throwing
 - Level 21.9(26.9) Armour
 + Level 18.4(23.4) Dodging
 * Level 19.1(24.1) Shields
 - Level 10.0 Invocations


You had 24 spell levels left.
You didn't know any spells.
Your spell library contained the following spells:

 Spells                   Type           Power      Damage    Failure   Level
 Apportation              Tloc           0%         N/A       52%         1
 Foxfire                  Conj/Fire      0%         2x1d4     52%         1
 Magic Dart               Conj           0%         1d3       52%         1
 Pain                     Necr           0%         1d4       52%         1
 Sandblast                Erth           0%         2d4       52%         1
 Blink                    Tloc           N/A        N/A       65%         2
 Ensorcelled Hibernation  Hex/Ice        0%         N/A       65%         2
 Passwall                 Tmut/Erth      0%         N/A       65%         2
 Poisonous Vapours        Pois/Air       0%         N/A       65%         2
 Searing Ray              Conj           0%         2d4       65%         2
 Slow                     Hex            0%         N/A       65%         2
 Confusing Touch          Hex            0%         N/A       87%         3
 Conjure Flame            Conj/Fire      0%         6-21      87%         3
 Dazzling Flash           Conj/Hex       0%         N/A       87%         3
 Gell's Gravitas          Tloc           0%         N/A       87%         3
 Ignite Poison            Fire/Tmut/Pois 0%         N/A       87%         3
 Inner Flame              Hex/Fire       0%         N/A       87%         3
 Lesser Beckoning         Tloc           0%         N/A       87%         3
 Mephitic Cloud           Conj/Pois/Air  0%         N/A       87%         3
 Portal Projectile        Hex/Tloc       0%         N/A       87%         3
 Spider Form              Tmut/Pois      0%         N/A       87%         3
 Stone Arrow              Conj/Erth      0%         3d7       87%         3
 Swiftness                Air            0%         N/A       87%         3
 Teleport Other           Tloc           0%         N/A       87%         3
 Vampiric Draining        Necr           0%         2d6       87%         3
 Cause Fear               Hex            0%         N/A       99%         4
 Fulminant Prism          Conj/Hex       0%         3d6       99%         4
 Iskenderun's Mystic Bla  Conj/Tloc      0%         2d3       99%         4
 Olgreb's Toxic Radiance  Pois           0%         N/A       99%         4
 Passage of Golubria      Tloc           N/A        N/A       99%         4
 Petrify                  Tmut/Erth      0%         N/A       99%         4
 Sticky Flame             Conj/Fire      0%         2d3       99%         4
 Agony                    Necr           0%         N/A       100%        5
 Alistair's Intoxication  Tmut/Pois      0%         N/A       100%        5
 Blade Hands              Tmut           0%         N/A       100%        5
 Borgnjor's Vile Clutch   Necr/Erth      0%         N/A       100%        5
 Excruciating Wounds      Necr           0%         N/A       100%        5
 Fireball                 Conj/Fire      0%         3d3       100%        5
 Freezing Cloud           Conj/Ice/Air   0%         6-21      100%        5
 Irradiate                Conj/Tmut      0%         3d13      100%        5
 Iskenderun's Battlesphe  Conj           0%         2d6       100%        5
 Manifold Assault         Tloc           0%         N/A       100%        5
 Metabolic Englaciation   Hex/Ice        0%         N/A       100%        5
 Silence                  Hex/Air        0%         N/A       100%        5
 Conjure Ball Lightning   Conj/Air       0%         3x3d6     100%        6
 Dispersal                Tloc           0%         N/A       100%        6
 Eringya's Noxious Bog    Tmut/Pois      0%         N/A       100%        6
 Invisibility             Hex            0%         N/A       100%        6
 Iron Shot                Conj/Erth      0%         9d1       100%        6
 Starburst                Conj/Fire      0%         6d3       100%        6
 Orb of Destruction       Conj           0%         N/A       100%        7
 Borgnjor's Revivificati  Necr           0%         N/A       100%        8
 Discord                  Hex            0%         N/A       100%        8
 Disjunction              Tloc           0%         N/A       100%        8
 Ignition                 Fire           0%         3d3       100%        8
 Lehudib's Crystal Spear  Conj/Erth      0%         10d2      100%        8
 Necromutation            Tmut/Necr      0%         N/A       100%        8
 Death's Door             Necr           0%         N/A       100%        9
 Fire Storm               Conj/Fire      0%         5d1       100%        9
 Shatter                  Erth           0%         3d5*      100%        9
 Animate Skeleton         Necr           Unusable   N/A       N/A         1
 Summon Small Mammal      Summ           Unusable   N/A       N/A         1
 Sublimation of Blood     Necr           Unusable   N/A       N/A         2
 Animate Armour           Summ/Erth      Unusable   N/A       N/A         4
 Statue Form              Tmut/Erth      Unusable   N/A       N/A         6
 Spellforged Servitor     Conj/Summ      Unusable   N/A       N/A         7

Dungeon Overview and Level Annotations

Branches:
Dungeon (15/15)            Temple (0/1) D:5            Lair (6/6) D:9
 Shoals (4/4) Lair:4        Snake (4/4) Lair:3        Slime (0/5) Lair:6
    Orc (2/2) D:11            Elf (3/3) Orc:2        Vaults (5/5) D:14
  Crypt (3/3) Vaults:3       Tomb (0/3) Crypt:3      Depths (1/4) D:15
 WizLab (visited)

Altars:
Ashenzari
Gozag
Makhleb
Okawaru
Trog
Uskayaw
Vehumet
Xom
Yredelemnul
Jiyva

Shops:
D:1 (   D:3 ?   D:10 *   D:14 [   Orc:2 *=?:   Elf:1 !   Snake:1 (*
Snake:2 =::   Vaults:2 *   Vaults:3 =   Vaults:4 ***   Depths:1 !=

Portals:
Hell: Depths:1
Trove: Vaults:1 (give +2 gold dragon scales)

Annotations:
D:4 exclusion: upstairs
D:7 exclusion: downstairs
D:8 exclusions: downstairs and 1 more exclusion
D:15 1 runed translucent door, Bankemomn's ghost, journeyman NaIE
Lair:1 exclusion: downstairs
Lair:2 exclusion: 2 downstairs
Lair:4 exclusions: downstairs and 1 more exclusion
Lair:5 exclusion: downstairs
Lair:6 1 runed translucent door, Heedrag's ghost, journeyman DsCj
Snake:3 exclusion: downstairs
Elf:1 1 runed translucent door
Vaults:2 8 runed translucent doors, Jano's ghost, adept MfGl
Vaults:4 3 runed translucent doors, exclusion: obsidian statue, Kec Pezu's ghost, veteran DjVM


Innate Abilities, Weirdness & Mutations

You are immune to sickness and miasma.
Your stone body is resilient. (AC +19)
You are immune to poison.
Your large and strong wings let you fly.
You resist negative energy. (rN+)
You are resistant to electric shocks. (rElec)
You are resistant to unholy torment.
You are immune to petrification.


Message History

The shadow dragon breathes negative energy at you.
The bolt of negative energy hits the walking frostbound tome.
The walking frostbound tome completely resists.
The bolt of negative energy misses you.
The walking earthen tome erupts in a flurry of living spells!
The walking frostbound tome erupts in a flurry of living spells!
The floating eye's view fixates on you.
The golden dragon breathes poison at you.
The blast of poison engulfs you but does no damage.
You resist.
The fire giant points at you and mumbles some strange words.
The fireball explodes!
The fireball engulfs you! You resist.
The walking frostbound tome erupts in a flurry of living spells!
The golden dragon breathes fire at you. The bolt of fire misses you.
The fire giant is engulfed in poison gas.
The fire giant is poisoned.
The walking frostbound tome erupts in a flurry of living spells!
The fire giant is engulfed in poison gas.
The fire giant looks even sicker.
The living spell casts itself at you.
The mass of ice explodes!
The iceblast engulfs you!!!
You feel a painful chill!
* * * LOW HITPOINT WARNING * * *
You're wearing all the rings you can.
Remove which one? (? for menu, Esc to cancel) < or
B - a +4 ring of evasion; > or
g - a +4 ring of slaying You remove your +4 ring of slaying.
j - a ring of protection from cold (right hand)
The walking frostbound tome erupts in a flurry of living spells!
As you read the scroll of fear, it crumbles to dust.
You assume a fearsome visage.
The shadow dragon easily resists.
The fire giant resists with almost no effort.
The walking frostbound tome is unaffected.
The shadow dragon resists with some effort.
The living spell is unaffected.
The golden dragon resists with almost no effort.
The living spell is unaffected. x3
The golden dragon breathes cold at you. The bolt of cold hits you!!!
You die...

.#''Z{DC*'''..............#
#.###
.####{#.*.>...............#
#....
.....DD;########..........#
####. .######[#
#..........# #. .#
#.########..........# #. ##
#..Z*.D.............# #.
#....D*.C...........# #.
#.°*;.*.D...........# #.
##########@.........# #.
#...#####..# #. #...#
#..######.
##########...#####.........
#..........................
#.....^........∩.....#####.
#............######..# #.
#............# #..#####.
#............# #........


You could see 2 shadow dragons, a golden dragon (catching breath), a walking
frostbound tome, a fire giant (very poisoned), a tengu reaver simulacrum
(summoned) and 4 living spells.

Vanquished Creatures
  2 dread liches
  An ancient lich (Vaults:5)
  Margery (Crypt:1)
  Nikola (Depths:1)
  A golden dragon (Vaults:5)
  A profane servitor (Crypt:3)
  the Enchantress (Arena)
  The ghost of Necrophagist the Sorcerer, an adept DjCj of Makhleb (Snake:3)
  A bone dragon (Crypt:3)
  4 tentacled monstrosities
  A lich (Crypt:3)
  Asterion (Snake:3)
  2 titans (Vaults:5)
  2 deep elf master archers (Elf:3)
  A quicksilver dragon (Vaults:5)
  An acid blob (Lair:6)
  6 sphinxes
  2 krakens
  4 ancient champions
  4 shadow dragons (Vaults:5)
  Kirke (D:13)
  4 tengu reavers
  5 rockslimes (Lair:6)
  2 revenants
  5 nagarajas
  3 storm dragons (Vaults:5)
  A fire giant (shapeshifter) (Vaults:5)
  4 fire giants (Vaults:5)
  12 deep elf sorcerers
  A draconian knight (WizLab)
  2 iron dragons (Vaults:5)
  21 vault wardens
  4 frost giants
  A caustic shrike zombie (Depths:1)
  A juggernaut zombie (Crypt:3)
  A draconian stormcaller (WizLab)
  8 ghouls
  19 ironbound preservers
  3 spriggan defenders
  2 curse skulls (Crypt:3)
  4 deep elf elementalists (Elf:3)
  5 stone giants
  20 very ugly things
  2 war gargoyles (Vaults:5)
  5 vampire knights
  An entropy weaver (Vaults:4)
  13 purple draconians (WizLab)
  6 deep elf demonologists
  5 deep elf annihilators
  4 spark wasps (Depths:1)
  3 minotaurs (Shoals:4)
  Azrael (D:12)
  9 dire elephants
  10 eidola
  7 ettins
  6 merfolk javelineers
  9 statues (WizLab)
  An ettin (shapeshifter) (Vaults:5)
  5 deep elf death magi
  A quicksilver dragon zombie (Crypt:3)
  2 fire dragons
  A mummy priest (Crypt:3)
  2 merfolk impalers (Shoals:4)
  3 deep elf high priests
  16 yaktaur captains
  12 ironbound thunderhulks
  13 naga warriors
  32 vault guards
  An ice dragon (Depths:1)
  8 salamander tyrants (Snake:4)
  An ogre mage (Vaults:5)
  5 great orbs of eyes
  9 hydras
  A peacekeeper (Vaults:4)
  9 boulder beetles
  4 rakshasas
  3 spriggan air magi
  An alligator snapping turtle (Shoals:1)
  4 centaur warriors
  An anaconda (shapeshifter) (Vaults:5)
  A catoblepas (Lair:4)
  8 ironbound frosthearts
  12 anacondas
  13 satyrs
  A merfolk aquamancer (Shoals:3)
  7 death knights
  33 dancing weapons
  7 two-headed ogres
  4 merfolk avatars
  A tengu warrior (Depths:1)
  17 death yaks
  3 deep troll shamans (Depths:1)
  An alligator (Shoals:1)
  A titan zombie (Crypt:3)
  6 deep troll earth magi
  A spriggan berserker (Depths:1)
  An orc high priest (Orc:2)
  10 shock serpents
  Urug (D:12)
  8 naga sharpshooters
  6 vampire magi
  A fire crab (Lair:4)
  2 hell knights (Crypt:1)
  23 deep elf knights
  2 shadow wraiths
  4 iron trolls (Depths:1)
  2 soul eaters (Crypt:2)
  A goliath frog (Lair:6)
  3 salamander mystics
  2 bunyip zombies (Crypt:3)
  A death drake (shapeshifter) (Vaults:5)
  9 sea snakes
  35 skeletal warriors
  3 bog bodies (Crypt:2)
  An anaconda zombie (Crypt:2)
  34 deep trolls
  A glowing orange brain (Vaults:1)
  A flayed ghost (Crypt:3)
  8 naga ritualists
  13 deep elf archers
  9 wizards
  26 phantasmal warriors
  Pikel (D:5)
  An orange crystal statue (Elf:2)
  7 necromancers
  11 ironbound convokers
  25 deep elf zephyrmancers
  16 lindwurms
  An orc knight (Orc:2)
  29 harpies
  15 mana vipers
  An anaconda skeleton (Crypt:2)
  A wolf spider (Crypt:3)
  32 deep elf pyromancers
  A stone giant zombie (Crypt:3)
  4 cyclopes
  5 orc sorcerers
  2 fire giant zombies
  22 manticores
  49 ugly things
  25 salamanders
  A human zombie (Vaults:3)
  A shadow dragon skeleton (D:15)
  A shining eye (shapeshifter) (Vaults:5)
  27 fauns
  20 elephants
  6 guardian serpents
  A moth of wrath (shapeshifter) (Depths:1)
  An elf zombie (Vaults:3)
  A naga zombie (Crypt:3)
  8 merfolk sirens
  2 water nymphs (Shoals:2)
  An orc zombie (Crypt:1)
  58 black mambas
  4 dire elephant zombies
  An eye of devastation (shapeshifter) (Vaults:5)
  2 guardian serpents (shapeshifter)
  23 cane toads
  27 vault sentinels
  An alligator snapping turtle zombie (Crypt:3)
  11 naga magi
  An unseen horror (D:13)
  A komodo dragon (shapeshifter) (D:15)
  A purple draconian zombie (Crypt:1)
  6 rime drakes
  An unseen horror (shapeshifter) (Vaults:5)
  15 komodo dragons
  A minotaur zombie (Crypt:1)
  A yaktaur (shapeshifter) (Vaults:4)
  33 yaktaurs
  2 efreet
  An alligator snapping turtle skeleton (Crypt:1)
  14 tengu conjurers
  3 freezing wraiths
  3 guardian mummies
  A yaktaur skeleton (Vaults:3)
  A purple draconian skeleton (Crypt:2)
  A queen bee (shapeshifter) (D:15)
  3 trolls
  A harpy zombie (Crypt:3)
  A jumping spider (shapeshifter) (D:14)
  3 jumping spiders (Crypt:3)
  2 spectral guardian serpents (Crypt:2)
  A hydra zombie (Crypt:3)
  A meliai (shapeshifter) (Elf:1)
  29 merfolk
  2 tyrant leeches (Lair:6)
  A satyr zombie (Crypt:2)
  5 meliai
  A polar bear (Lair:4)
  A spriggan zombie (D:15)
  Grinder (D:3)
  A meliai zombie (D:10)
  24 slime creatures
  2 hornets
  3 wind drakes
  27 blink frogs
  An ice dragon zombie (Crypt:2)
  13 snapping turtles
  14 dream sheep
  2 air elementals
  8 flying skulls
  A black mamba zombie (Crypt:3)
  3 spriggans
  5 shadows
  An ettin zombie (D:15)
  A centaur simulacrum (D:14)
  12 water elementals
  8 wyverns
  5 redbacks
  16 wraiths
  3 humans (D:13)
  A vampire (D:9)
  53 yaks
  6 fire elementals
  A human (shapeshifter) (D:15)
  9 vampire mosquitoes
  8 basilisks
  A fire bat (shapeshifter) (Elf:3)
  45 nagas
  A torturous demonspawn zombie (Crypt:1)
  A warg (Orc:2)
  Duvessa (D:4)
  3 hell hounds (D:12)
  18 water moccasins
  2 floating eyes (shapeshifter)
  A gelid demonspawn skeleton (Crypt:1)
  A cane toad skeleton (Crypt:1)
  6 black bears
  26 orc warriors
  An ice beast (D:6)
  8 ogres
  A sky beast (D:7)
  A spriggan simulacrum (Depths:1)
  An elephant zombie (Crypt:2)
  14 necrophages
  5 wolves
  7 boggarts
  6 centaurs
  A phantom (Crypt:3)
  Blork the orc (D:6)
  33 bullfrogs
  A kobold brigand (D:8)
  A gnoll sergeant (D:11)
  5 earth elementals
  2 scorpions
  Dowan (D:4)
  A warg zombie (Crypt:1)
  9 wyvern skeletons (Crypt:3)
  A water moccasin skeleton (D:7)
  12 wights (D:8)
  16 killer bees
  3 howler monkeys
  11 electric eels
  2 bullfrog zombies (D:5)
  7 jellies
  9 centaur zombies
  2 bullfrog skeletons
  7 hounds
  24 orc priests
  An iguana (D:5)
  38 orc wizards
  Ijyb (D:4)
  6 hell rats
  A sky beast zombie (Crypt:2)
  A hound skeleton (D:4)
  A mummy (Crypt:3)
  5 gnolls (D:11)
  6 adders
  A shadow imp (D:5)
  An ufetubus (D:5)
  2 adder skeletons
  A halfling skeleton (Crypt:2)
  2 worms (D:2)
  63 orcs
  6 ball pythons
  4 bats
  11 endoplasms
  5 giant cockroaches
  12 goblins
  2 quokkas
  5 frilled lizards
  A frilled lizard zombie (Crypt:2)
  10 kobolds
  4 rats
2006 creatures vanquished.

Vanquished Creatures (others)
  A fire giant (Vaults:4)
  A vault warden (Vaults:4)
  A very ugly thing (Depths:1)
  An ironbound preserver (Vaults:5)
  A stone giant (Depths:1)
  A rakshasa (Depths:1)
  2 deep elf knights (Elf:1)
  2 tengu conjurers (WizLab)
  An air elemental (Elf:2)
  A floating eye (shapeshifter) (Elf:3)
  An orc priest (Orc:2)
  2 bushes
  85 fungi
  346 plants
  14 tentacles
  14 withered plants
474 creatures vanquished.

Grand Total: 2480 creatures vanquished

Notes
Turn   | Place    | Note
-------+----------+-------------------------------------------
     0 | D:1      | balagan2 the Gargoyle Fighter began the quest for the Orb.
     0 | D:1      | Reached XP level 1. HP: 14/14 MP: 1/1
    15 | D:1      | Upgraded the game from 0.28-a0-533-g9f97627e2a to
                  | 0.28-a0-544-g207b005307
    42 | D:1      | Reached XP level 2. HP: 8/19 MP: 2/2
   384 | D:1      | Found Atiuteto's Weapon Boutique.
  1007 | D:2      | Reached XP level 3. HP: 20/23 MP: 3/3
  1159 | D:2      | Found a faded altar of an unknown god.
  1961 | D:3      | Found Bovy's Magic Scroll Shoppe.
  1974 | D:3      | Bought a scroll of teleportation for 30 gold pieces
  2251 | D:4      | Reached XP level 4. HP: 28/29 MP: 4/4
  2311 | D:4      | Reached skill level 4 in Fighting
  2388 | D:4      | You fall into a shaft and drop 1 floor!
  2388 | D:5      | Entered Level 5 of the Dungeon
  2417 | D:5      | Reached XP level 5. HP: 29/33 MP: 5/5
  2533 | D:4      | Noticed Dowan
  2534 | D:4      | Noticed Duvessa
  2667 | D:4      | Noticed Grinder
  2686 | D:3      | Paralysed by Grinder for 4 turns
  2692 | D:3      | Paralysed by Grinder for 4 turns
  2700 | D:3      | Killed Grinder
  2701 | D:3      | Reached skill level 5 in Armour
  2701 | D:3      | Reached XP level 6. HP: 40/40 MP: 6/6
  2850 | D:4      | Noticed Ijyb
  2883 | D:4      | Paralysed by Ijyb for 7 turns
  2898 | D:4      | Killed Ijyb
  2899 | D:4      | Reached skill level 5 in Fighting
  2899 | D:4      | Reached skill level 5 in Maces & Flails
  2899 | D:4      | Reached XP level 7. HP: 44/44 MP: 7/7
  3146 | D:4      | Killed Duvessa
  3149 | D:4      | Killed Dowan
  3480 | D:5      | Noticed Pikel
  3517 | D:5      | Killed Pikel
  3518 | D:5      | Reached skill level 6 in Fighting
  3518 | D:5      | Reached XP level 8. HP: 38/51 MP: 8/8
  3753 | D:5      | Found a burning altar of Makhleb.
  3754 | D:5      | Found a radiant altar of Vehumet.
  3755 | D:5      | Found a hide-covered altar of Uskayaw.
  4265 | D:5      | Found a staircase to the Ecumenical Temple.
  4830 | D:6      | Found an iron altar of Okawaru.
  4856 | D:6      | Became a worshipper of Warmaster Okawaru
  5048 | D:6      | Noticed Blork the orc
  5071 | D:6      | Killed Blork the orc
  5072 | D:6      | Reached XP level 9. HP: 54/56 MP: 9/9
  5105 | D:6      | Reached skill level 7 in Fighting
  5237 | D:6      | Reached * piety under Okawaru
  5706 | D:8      | Reached ** piety under Okawaru
  5951 | D:8      | Reached skill level 8 in Fighting
  6150 | D:8      | Reached XP level 10. HP: 39/64 MP: 7/10
  6232 | D:7      | Reached skill level 10 in Maces & Flails
  7500 | D:9      | Reached *** piety under Okawaru
  7543 | D:9      | Reached skill level 9 in Fighting
  8163 | D:9      | Reached **** piety under Okawaru
  8330 | D:9      | Found a staircase to the Lair.
  8383 | D:9      | Reached skill level 1 in Invocations
  8585 | D:9      | Noticed a two-headed ogre
  8733 | D:10     | Entered Level 10 of the Dungeon
  8799 | D:10     | Found a bloodstained altar of Trog.
  8802 | D:10     | Found a broken altar of Ashenzari.
  8877 | D:10     | Reached XP level 11. HP: 71/71 MP: 12/12
  8927 | D:10     | Noticed a two-headed ogre
  8941 | D:10     | Killed a two-headed ogre
  8941 | D:10     | Received a gift from Okawaru
  8941 | D:10     | Reached ***** piety under Okawaru
  9111 | D:10     | Found Ycryastro's Assorted Antiques.
  9527 | D:9      | Killed a two-headed ogre
  9527 | D:9      | Received a gift from Okawaru
  9996 | D:10     | Reached skill level 10 in Fighting
 10341 | Lair:1   | Entered Level 1 of the Lair of Beasts
 10401 | Lair:1   | Reached skill level 10 in Armour
 11560 | Lair:2   | Received a gift from Okawaru
 11561 | Lair:2   | Reached skill level 5 in Invocations
 11645 | Lair:2   | Reached XP level 12. HP: 79/79 MP: 15/15
 12862 | Lair:2   | Reached skill level 11 in Fighting
 12945 | Lair:1   | Received a gift from Okawaru
 13115 | Lair:2   | Noticed a four-headed hydra
 13126 | Lair:2   | Killed a four-headed hydra
 13126 | Lair:2   | Reached ****** piety under Okawaru
 13537 | Lair:3   | Noticed a death yak
 13563 | Lair:3   | Killed a death yak
 13753 | Lair:3   | Found a staircase to the Snake Pit.
 13772 | Lair:3   | Received a gift from Okawaru
 13941 | Lair:3   | Noticed a six-headed hydra
 14128 | Lair:3   | Killed a six-headed hydra
 14129 | Lair:3   | Reached XP level 13. HP: 53/85 MP: 18/18
 15113 | Lair:4   | Reached skill level 12 in Fighting
 15159 | Lair:4   | Found a staircase to the Shoals.
 15179 | Lair:4   | Reached skill level 1 in Dodging
 15930 | Lair:4   | Identified the +3 spear of Inference {flame, rPois rF+
                  | Int-2}
 15966 | Lair:4   | Reached skill level 15 in Maces & Flails
 16185 | Lair:4   | Received a gift from Okawaru
 17204 | Lair:5   | Received a gift from Okawaru
 18606 | Lair:5   | Gained mutation: Your large and strong wings let you fly.
                  | [Gargoyle growth]
 18606 | Lair:5   | Reached XP level 14. HP: 92/92 MP: 20/20
 18685 | Lair:5   | Received a gift from Okawaru
 19356 | Lair:6   | Entered Level 6 of the Lair of Beasts
 19454 | Lair:6   | Reached skill level 13 in Fighting
 19853 | Lair:6   | Noticed a rockslime
 20382 | Lair:6   | Reached skill level 5 in Shields
 20853 | Lair:6   | Reached skill level 10 in Invocations
 20954 | Lair:5   | Reached skill level 5 in Dodging
 21496 | Lair:6   | Reached skill level 1 in Throwing
 21605 | Lair:6   | Identified 2 scrolls of acquirement
 21606 | Lair:6   | Acquired a manual of Shields
 21789 | Lair:6   | Found a runed translucent door.
 21789 | Lair:6   | Found a shimmering altar of Xom.
 21789 | Lair:6   | Noticed Heedrag's ghost (journeyman DsCj)
 21790 | Lair:6   | Noticed a rockslime
 23254 | D:11     | Found a staircase to the Orcish Mines.
 23618 | D:11     | Received a gift from Okawaru
 23995 | D:11     | Reached XP level 15. HP: 86/100 MP: 18/22
 24232 | D:12     | Reached skill level 14 in Fighting
 24243 | D:12     | Noticed Azrael
 24259 | D:12     | Killed Azrael
 25009 | D:12     | Noticed Urug
 25032 | D:12     | Killed Urug
 26156 | D:13     | Noticed Kirke
 26178 | D:13     | Killed Kirke
 26880 | Orc:1    | Entered Level 1 of the Orcish Mines
 27375 | Lair:6   | Acquired a +2 vorpal eveningstar
 27396 | Lair:6   | Found a staircase to the Slime Pits.
 27413 | Lair:6   | Noticed a rockslime
 27413 | Lair:6   | Noticed a rockslime
 27413 | Lair:6   | Noticed a rockslime
 27425 | Lair:6   | Found a viscous altar of Jiyva.
 28457 | Orc:1    | Reached skill level 5 in Throwing
 28959 | D:11     | Upgraded the game from 0.28-a0-544-g207b005307 to
                  | 0.28-a0-561-gc72452776e
 29544 | Orc:2    | Entered Level 2 of the Orcish Mines
 30052 | Orc:2    | Reached skill level 10 in Shields
 30681 | Orc:2    | Received a gift from Okawaru
 31261 | Orc:2    | Found a staircase to the Elven Halls.
 31523 | Orc:2    | Found Gyemem's Jewellery Shoppe.
 31524 | Orc:2    | Found Puedei's Book Emporium.
 31525 | Orc:2    | Found Hina Mue's Magic Scroll Emporium.
 31528 | Orc:2    | Found Uzusioma's General Store.
 31531 | Orc:2    | Bought an amulet of reflection for 420 gold pieces
 31531 | Orc:2    | Bought a ring of poison resistance for 280 gold pieces
 31534 | Orc:2    | Bought a scroll of teleportation for 33 gold pieces
 31534 | Orc:2    | Bought a scroll of fear for 38 gold pieces
 31534 | Orc:2    | Bought a scroll of acquirement for 572 gold pieces
 31534 | Orc:2    | Bought a scroll of blinking for 82 gold pieces
 31537 | Orc:2    | Bought a scroll of identify for 22 gold pieces
 31537 | Orc:2    | Bought a scroll of identify for 22 gold pieces
 31538 | Orc:2    | Bought a potion of mutation for 128 gold pieces
 31550 | Orc:2    | Acquired 650 gold pieces
 32416 | Lair:6   | Killed a rockslime
 33079 | Snake:1  | Entered Level 1 of the Snake Pit
 33098 | Snake:1  | Received a gift from Okawaru
 33099 | Snake:1  | Reached skill level 15 in Fighting
 33304 | Snake:1  | Identified the +9 hand crossbow of Fatigue {elec, Drain
                  | rPois rCorr MP+9} (Okawaru gifted it to you on level 1 of
                  | the Snake Pit)
 33304 | Snake:1  | Received a gift from Okawaru
 34123 | D:14     | Reached XP level 16. HP: 57/108 MP: 23/23
 34531 | D:14     | Found Qumazih's Antique Armour Boutique.
 34538 | D:14     | Bought a faintly glowing kite shield for 228 gold pieces
 34538 | D:14     | Identified the +5 kite shield of Eriuf {Harm} (You bought
                  | it in a shop on level 14 of the Dungeon)
 34538 | D:14     | Bought a masterwork kite shield for 228 gold pieces
 34538 | D:14     | Identified the +4 kite shield of Pan-Flutes {*Corrode rPois
                  | rN+ Int+4} (You bought it in a shop on level 14 of the
                  | Dungeon)
 35509 | D:14     | You are sucked into a shaft and drop 1 floor!
 35509 | D:15     | Entered Level 15 of the Dungeon
 35509 | D:15     | Found a staircase to the Depths.
 35946 | D:15     | Identified the +1 chain mail of the Elephant {rCorr}
                  | (Okawaru gifted it to you on level 15 of the Dungeon)
 35946 | D:15     | Received a gift from Okawaru
 36195 | D:14     | Found a gate to the Vaults.
 39732 | D:15     | Found a runed translucent door.
 39732 | D:15     | Noticed Bankemomn's ghost (journeyman NaIE)
 40188 | Depths:1 | Entered Level 1 of the Depths
 40196 | Depths:1 | Reached skill level 16 in Fighting
 40812 | Shoals:1 | Entered Level 1 of the Shoals
 40905 | Shoals:1 | Received a gift from Okawaru
 41306 | Shoals:1 | Received a gift from Okawaru
 41312 | Shoals:1 | Reached XP level 17. HP: 66/115 MP: 24/24
 42680 | Shoals:2 | Reached skill level 15 in Shields
 43352 | Shoals:2 | Received a gift from Okawaru
 43747 | Shoals:2 | Noticed a kraken
 44135 | Shoals:3 | Reached skill level 17 in Fighting
 44729 | Lair:6   | Reached skill level 10 in Dodging
 44729 | Lair:6   | Noticed an acid blob
 44745 | Lair:6   | Killed an acid blob
 45204 | Lair:6   | Received a gift from Okawaru
 45837 | Lair:6   | Received a gift from Okawaru
 47211 | Orc:2    | Bought a scroll of identify for 32 gold pieces
 47218 | Orc:2    | Bought a scroll of identify for 22 gold pieces
 47218 | Orc:2    | Bought a scroll of identify for 22 gold pieces
 47218 | Orc:2    | Bought a scroll of identify for 22 gold pieces
 47255 | Elf:1    | Entered Level 1 of the Elven Halls
 47255 | Elf:1    | Found a runed translucent gate.
 47255 | Elf:1    | Found a runed translucent gate.
 47255 | Elf:1    | Found a runed translucent gate.
 47255 | Elf:1    | Found a runed translucent gate.
 47255 | Elf:1    | Found a runed translucent gate.
 47255 | Elf:1    | Found a runed translucent gate.
 47601 | Elf:1    | Found a runed translucent door.
 47619 | Elf:1    | Found a runed translucent door.
 48559 | Elf:1    | Received a gift from Okawaru
 49078 | Elf:1    | Reached XP level 18. HP: 107/124 MP: 25/25
 49186 | Elf:1    | Found Rypukk's Distillery.
 49781 | Elf:2    | Received a gift from Okawaru
 49908 | Elf:2    | Found a runed translucent gate.
 49909 | Elf:2    | Found a runed translucent gate.
 49909 | Elf:2    | Found a runed translucent gate.
 50490 | Depths:1 | Noticed the Enchantress
 51407 | Snake:1  | Received a gift from Okawaru
 52135 | Snake:1  | You are sucked into a shaft and drop 1 floor!
 52241 | Snake:2  | Reached skill level 18 in Fighting
 52539 | Snake:1  | Found Gufosuim's Antique Weapon Boutique.
 52545 | Snake:1  | Found Bousomud's Assorted Antiques.
 52552 | Snake:1  | Bought a scroll of identify for 68 gold pieces
 52552 | Snake:1  | Bought a scroll of teleportation for 102 gold pieces
 52552 | Snake:1  | Bought a scroll of identify for 68 gold pieces
 54205 | Snake:2  | Found Ugemiof's Jewellery Shoppe.
 54205 | Snake:2  | Found Cogikyasor's Book Shop.
 54206 | Snake:2  | Found Hoyzown's Book Shop.
 55052 | Snake:3  | Found a runed translucent gate.
 55052 | Snake:3  | Found a runed translucent gate.
 55054 | Snake:3  | Found a runed translucent gate.
 55300 | Snake:3  | Noticed Asterion
 55305 | Snake:3  | Killed Asterion
 55418 | Snake:3  | Found a runed translucent door.
 55420 | Snake:3  | Noticed Necrophagist's ghost (adept DjCj)
 55506 | Snake:3  | Got the Papyrus of Confrontation and Stones
 56140 | Snake:3  | Reached skill level 10 in Throwing
 56149 | Snake:3  | Received a gift from Okawaru
 56350 | Snake:3  | Killed Necrophagist's ghost
 56350 | Snake:3  | Received a gift from Okawaru
 56515 | Snake:4  | Entered Level 4 of the Snake Pit
 56654 | Snake:3  | Reached XP level 19. HP: 113/131 MP: 26/26
 56677 | Snake:3  | Received a gift from Okawaru
 59199 | Snake:4  | Reached skill level 19 in Fighting
 59294 | Snake:4  | Identified the +3 plate armour of Ucestaddir {rElec rPois
                  | rC+ rCorr} (Okawaru gifted it to you on level 4 of the
                  | Snake Pit)
 59294 | Snake:4  | Received a gift from Okawaru
 60076 | Snake:4  | Got a serpentine rune of Zot
 60850 | Vaults:1 | Entered Level 1 of the Vaults
 60966 | Vaults:1 | Found a portal to a secret trove of treasure.
 61031 | Vaults:1 | Found a magical portal.
 61039 | WizLab   | Entered Iskenderun's Mystic Tower
 61570 | WizLab   | Reached skill level 15 in Armour
 61757 | WizLab   | HP: 4/133 [disintegration (23)]
 63291 | WizLab   | Got Iskenderun's Tome of Conjuration
 63291 | WizLab   | Got Iskenderun's Almanac of Battle Magic
 63871 | WizLab   | Reached XP level 20. HP: 91/139 MP: 27/27
 64117 | WizLab   | Received a gift from Okawaru
 65007 | Vaults:1 | Acquired a +1 pair of boots of rampaging
 65549 | Vaults:1 | Received a gift from Okawaru
 66747 | Vaults:1 | Reached skill level 20 in Fighting
 67266 | D:3      | Bought a scroll of brand weapon for 200 gold pieces
 67266 | D:3      | Bought a scroll of fear for 35 gold pieces
 67266 | D:3      | Bought a scroll of brand weapon for 200 gold pieces
 67266 | D:3      | Bought a scroll of teleportation for 30 gold pieces
 67266 | D:3      | Bought a scroll of teleportation for 30 gold pieces
 67266 | D:3      | Bought a scroll of magic mapping for 35 gold pieces
 67500 | D:10     | Bought a potion of heal wounds for 120 gold pieces
 67500 | D:10     | Bought a potion of heal wounds for 120 gold pieces
 67500 | D:10     | Bought a scroll labelled TUSINU BUODWOYWE for 24 gold
                  | pieces
 68248 | Vaults:2 | Found Moyqoyrr's General Store.
 69400 | Shoals:3 | Received a gift from Okawaru
 70779 | Shoals:3 | Received a gift from Okawaru
 71069 | Shoals:4 | Entered Level 4 of the Shoals
 71331 | Shoals:4 | Received a gift from Okawaru
 71827 | Shoals:4 | Received a gift from Okawaru
 72445 | Shoals:4 | Reached XP level 21. HP: 99/147 MP: 28/28
 72778 | Shoals:4 | Received a gift from Okawaru
 73380 | Shoals:4 | Got the Volume of the Monkey's Uncle
 73481 | Shoals:4 | Got a barnacled rune of Zot
 74512 | Elf:2    | Paralysed by an air elemental for 1 turns
 75089 | Elf:2    | Paralysed by an air elemental for 1 turns
 75313 | Elf:2    | Reached skill level 21 in Fighting
 76412 | Elf:2    | Received a gift from Okawaru
 77822 | Elf:3    | Entered Level 3 of the Elven Halls
 77881 | Elf:3    | Paralysed by an air elemental for 1 turns
 77885 | Elf:3    | Paralysed by an air elemental for 1 turns
 79018 | Vaults:1 | Received a gift from Okawaru
 79266 | Vaults:1 | Received a gift from Okawaru
 79758 | Vaults:2 | Identified the +7 scimitar of Disorder {freeze, Int+4}
 79771 | Vaults:2 | Received a gift from Okawaru
 79961 | Vaults:2 | Identified the +8 trident "Worm" {drain, Str+4} (Okawaru
                  | gifted it to you on level 2 of the Vaults)
 79961 | Vaults:2 | Received a gift from Okawaru
 80314 | Vaults:2 | Reached XP level 22. HP: 153/156 MP: 29/29
 80326 | Vaults:2 | Reached skill level 15 in Dodging
 80778 | Vaults:2 | Found a large runed translucent door.
 80778 | Vaults:2 | Found a large runed translucent door.
 80778 | Vaults:2 | Found a large runed translucent door.
 80778 | Vaults:2 | Found a large runed translucent door.
 80778 | Vaults:2 | Noticed Jano's ghost (adept MfGl)
 80779 | Vaults:2 | Found a large runed translucent door.
 80779 | Vaults:2 | Found a large runed translucent door.
 80779 | Vaults:2 | Found a large runed translucent door.
 80779 | Vaults:2 | Found a large runed translucent door.
 82836 | Vaults:3 | Reached skill level 22 in Fighting
 83647 | Vaults:3 | Received a gift from Okawaru
 84124 | Vaults:3 | Found Saisked's Jewellery Emporium.
 84423 | Vaults:3 | Found a staircase to the Crypt.
 85009 | Vaults:3 | Received a gift from Okawaru
 85908 | Crypt:1  | Entered Level 1 of the Crypt
 85980 | Crypt:1  | Received a gift from Okawaru
 86686 | Arena    | Entered the Arena
 87301 | Arena    | Entered the Arena
 87331 | Arena    | Killed the Enchantress
 87331 | Arena    | Identified the +7 spear of Terra Nullius {pain, +Blink rF+
                  | SInv} (Okawaru gifted it to you in the Arena)
 87331 | Arena    | Received a gift from Okawaru
 87646 | Depths:1 | Found Yreow's Distillery.
 87651 | Depths:1 | Bought a potion of invisibility for 152 gold pieces
 88760 | Depths:1 | Found a huge runed gate.
 88760 | Depths:1 | Found a huge runed gate.
 88760 | Depths:1 | Found a huge runed gate.
 88760 | Depths:1 | Found a huge runed gate.
 88760 | Depths:1 | Found a huge runed gate.
 88760 | Depths:1 | Found a huge runed gate.
 88760 | Depths:1 | Found a huge runed gate.
 88760 | Depths:1 | Found a huge runed gate.
 88760 | Depths:1 | Found a huge runed gate.
 88760 | Depths:1 | Found a huge runed gate.
 90041 | Elf:3    | Received a gift from Okawaru
 90454 | Elf:3    | Reached XP level 23. HP: 150/164 MP: 30/30
 90635 | Elf:3    | Identified the +11 mace of Descent {vorpal, rPois Int+2
                  | Dex+2}
 90973 | Elf:3    | Identified the +3 leather armour "Esyxuma" {Rampage rElec}
 90988 | Elf:3    | Identified the +5 quarterstaff of the Dragonfly {venom,
                  | *Rage rN+ SInv}
 90997 | Elf:3    | Identified the +1 robe of the Saviour {Rampage +Inv rN+}
 90997 | Elf:3    | Identified the ring "Caiprir" {rN++ Str-5 SInv}
 90999 | Elf:3    | Reached skill level 23 in Fighting
 91183 | Elf:3    | Identified the +0 hand axe of a Thousand Artisans {distort,
                  | rN+}
 91215 | Elf:3    | Identified the +9 falchion "Arcanum" {flame, rPois rF++}
 91624 | Elf:3    | Identified the +7 arbalest of the Penguin {penet, Contam
                  | rElec rN+++ rCorr}
 92485 | Elf:3    | Identified the +2 helmet "Ohuyntax" {rElec rN+ Str+3}
 93481 | Vaults:4 | Identified the +7 mace "Quyhue" {freeze, +Blink}
 93547 | Vaults:4 | Found Vorivod's General Store.
 93826 | Vaults:4 | Found a runed translucent gate.
 93827 | Vaults:4 | Found a runed translucent gate.
 93827 | Vaults:4 | Found an opulent altar of Gozag.
 93828 | Vaults:4 | Found a runed translucent gate.
 93829 | Vaults:4 | Noticed Kec Pezu's ghost (veteran DjVM)
 93830 | Vaults:4 | Found Wedghe's Assorted Antiques.
 93830 | Vaults:4 | Found Poly's Assorted Antiques.
 93946 | Vaults:4 | Got the Almanac of Venom
 94015 | Vaults:4 | Noticed a dread lich
 94029 | Vaults:4 | Paralysed by something for 4 turns
 94034 | Vaults:4 | Killed a dread lich
 94405 | Vaults:5 | Entered Level 5 of the Vaults
 94451 | Vaults:5 | Identified the +1 pair of boots of the Spider Nest {rPois
                  | Will+ Dex+3} (Okawaru gifted it to you on level 5 of the
                  | Vaults)
 94451 | Vaults:5 | Received a gift from Okawaru
 94608 | Vaults:5 | Noticed a golden dragon
 94628 | Vaults:5 | Killed a golden dragon
 94643 | Vaults:5 | Noticed an ancient lich
 94648 | Vaults:5 | Killed an ancient lich
 94837 | Vaults:5 | Identified the +7 hand axe "Worm" {drain, *Corrode rF-
                  | Will+ Dex+8}
 94837 | Vaults:5 | Identified the +5 kite shield "Duloehec" {Rampage Int-4
                  | Dex+4}
 95448 | Vaults:5 | Reached skill level 24 in Fighting
 95448 | Vaults:5 | Reached XP level 24. HP: 137/173 MP: 30/30
 95466 | Vaults:5 | Noticed a dread lich
 95481 | Vaults:5 | Killed a dread lich
 95682 | Vaults:5 | Identified the +1 troll leather armour of Cowardice {Regen+
                  | SInv}
 95769 | Vaults:5 | Received a gift from Okawaru
 96159 | Vaults:5 | Received a gift from Okawaru
 96196 | Vaults:5 | Identified the +13 plate armour of the Devil's Team
                  | {Rampage +Blink rN+ Dex+3}
 96864 | Vaults:5 | Got a silver rune of Zot
 98182 | D:15     | Upgraded the game from 0.28-a0-561-gc72452776e to
                  | 0.28-a0-563-gf77a47075d
 98958 | Crypt:1  | Noticed Margery
 98966 | Crypt:1  | Received a gift from Okawaru
 98972 | Crypt:1  | Killed Margery
101082 | Crypt:3  | Entered Level 3 of the Crypt
101351 | Crypt:3  | Reached XP level 25. HP: 180/180 MP: 30/30
101547 | Crypt:3  | Found a basalt altar of Yredelemnul.
101892 | Crypt:3  | Identified the +5 lajatang "ETAOIN SHRDLU" {holy, *Rage
                  | +Blink Will++ rCorr}
101893 | Crypt:3  | Identified the amulet of Fallacy {rPois Will+ Regen+}
101901 | Crypt:3  | Identified the ring of Hedonism {*Corrode rPois rC+ Dex+8
                  | Slay-5}
102206 | Crypt:3  | Received a gift from Okawaru
102760 | Crypt:3  | Found a staircase to the Tomb.
104516 | Depths:1 | Found a gateway to Hell.
104531 | Depths:1 | Found a huge runed gate.
104531 | Depths:1 | Found a huge runed gate.
104531 | Depths:1 | Found a huge runed gate.
104531 | Depths:1 | Found a huge runed gate.
104532 | Depths:1 | Found a huge runed gate.
104533 | Depths:1 | Found a huge runed gate.
104534 | Depths:1 | Found a huge runed gate.
104641 | Depths:1 | Bought a potion of mutation for 152 gold pieces
104652 | Depths:1 | Noticed Nikola
104685 | Depths:1 | Killed Nikola
104882 | Depths:1 | Identified the +2 ring mail of the Enchanted Forest {rC+
                  | Will- Int+3}
105155 | Depths:1 | Found Ciruhar's Jewellery Shoppe.
105166 | Depths:1 | Bought a +4 ring of slaying for 1092 gold pieces
105481 | Depths:1 | Paralysed by a floating eye for 4 turns
105499 | Depths:1 | Paralysed by a floating eye for 2 turns
105503 | Depths:1 | Reached skill level 25 in Fighting
105515 | Depths:1 | Killed from afar by a golden dragon

Illustrated notes

Levels and vault maps discovered:
D:1:      lightli_arrival_statue_moat, layout_basic, serial_shops,
          shop_fountains
D:2:      layout_loops_ring, shapermc_ecumenical_altar_mp_highgroup
D:3:      layout_basic, serial_shops,
          nicolae_shop_temple_entry_statues_fountains
D:4:      kennysheep_the_goblin_king, layout_rooms, uniq_duvessa, uniq_grinder
D:5:      layout_cave_pods, gammafunk_temple_overflow_claw,
          minmay_temple_entry_drinking_statues, nicolae_underground_beach,
          uniq_pikel
D:6:      layout_basic, amcnicky_altar_gilded, nrook_mini_backslash,
          water_boxes_lemuel, uniq_blork_the_orc
D:7:      layout_cave_pools
D:8:      layout_basic, chequers_serial_rivers_micro_e
D:9:      layout_layer_cave, minmay_lair_entry_grove
D:10:     statuecave_lemuel, layout_loops_ring,
          chequers_temple_overflow_statue_of_worship, serial_shops,
          nicolae_shop_behind_doors, minmay_misc_feat_hallway,
          kennysheep_windowed_goal
D:11:     layout_rooms, orc_0_dummy, moated_statue
D:12:     layout_roguey, kennysheep_generic_room_5, uniq_urug, uniq_azrael
D:13:     layout_roguey, uniq_kirke
D:14:     layout_basic, david_vaults_2, serial_shops, shop,
          kennysheep_cross_bottleneck
D:15:     gammafunk_depths_entry_grave, layout_loops_ring,
          gammafunk_ghost_grave, chequers_garden
Lair:1:   layout_loops_ring, grunt_megastairs_2
Lair:2:   cheibrodos_lair_overgrown_chateau, layout_loops_ring
Lair:3:   layout_regular_city, guppyfry_snake_entry_garden, beast_lair_carwin_9,
          grunt_megastairs_1
Lair:4:   layout_cave_pods, minmay_shoals_entry_centaurs, serial_bayou_shore_b
Lair:5:   layout_long_grid, beast_lair_carwin_2
Lair:6:   minmay_lair_end_frog_pond, layout_long_grid, slime_altar_1,
          ebering_ghost_xom, special_room [special_room_jelly],
          gauntlet_entry_generic, serial_bayou_lagoon_a, st_stairs_6,
          fungi_pond_lemuel, nzn_sisyphean_effort
Shoals:1: layout_shoals, nicolae_shoals_siren_and_animal_friends
Shoals:2: layout_shoals, portal_ice_cave_entry_pillars_four,
          regret_index_shoals_crete
Shoals:3: layout_shoals, nicolae_shoals_kraken_intersection
Shoals:4: shoals_end_hellmonk_lost_city
Snake:1:  layout_cave_shapes, minmay_shoptagon
Snake:2:  layout_grid_maze, minmay_shop_grove
Snake:3:  layout_cave_pods, ebering_ghost_inner_flame,
          nicolae_snake_horde_hoard, uniq_asterion
Snake:4:  grunt_snake_rune_pools, layout_cave_town
Orc:1:    layout_caves, nicolae_orc_stony_grotto
Orc:2:    st_orc_mages, layout_caves
Elf:1:    nicolae_elf_arrival_dilemma, layout_onion_city, serial_shops,
          nicolae_take_the_stairs, minmay_elf_demonology
Elf:2:    nicolae_elf_blades_crystal_corner, layout_loops_corners, minivault_16,
          nicolae_elf_deep_friendship
Elf:3:    minmay_elf_hall_dome, layout_loops_corners, grunt_megastairs_3
Vaults:1: v_misc_9, grunt_vaults_diagonal, ontoclasm_vaults_spin,
          nicolae_vaults_stairing_the_circle, v_misc_13,
          nicolae_vaults_ring_of_whatevers, vaults_room_grunt_arrival_ludios,
          vaults_room_fours, layout_vaults_omnigrid, mu_enter_wizlab_5,
          enter_trove_2
Vaults:2: advil_vaults_ghost_lines, nicolae_vaults_sealed_display,
          nicolae_vaults_three_branches, nicolae_vaults_little_squares_2,
          vaults_mumra_minichess_inversion, nicolae_vaults_asterisk,
          nicolae_vaults_what_the_h, ontoclasm_vaults_pinch, v_pattern_4,
          layout_vaults_chaotic_city, serial_shops, nicolae_shop_behind_doors
Vaults:3: nicolae_vaults_twisting_passages, hangedman_vaults_trim, v_misc_23,
          hangedman_vaults_corner, hangedman_vaults_stitches,
          hangedman_vaults_unwind, vaults_room_ringed_pool, grunt_vaults_twisty,
          ontoclasm_vaults_shuriken, ontoclasm_vaults_twist,
          ontoclasm_vaults_idyll, layout_vaults_big_cross,
          blue_anna_dwarven_crypt, serial_shops, nicolae_shop_statue_plus
Vaults:4: ebering_vaults_ghost_gozag, nicolae_vaults_triangles, v_misc_10,
          v_pattern_5, hangedman_vaults_restitches, v_misc_17,
          nicolae_vaults_yaktaur_gun_rack, v_misc_23, ontoclasm_vaults_echo,
          v_misc_27, nicolae_vaults_little_squares_6,
          vaults_room_mumra_shop_pool, layout_vaults_ring
Vaults:5: serial_shops
Crypt:1:  layout_basic, uniq_margery
Crypt:2:  layout_gridlike, nrook_guardian_serpent_ordinary, grunt_megastairs_5
Crypt:3:  evilmike_haunted_forest
Depths:1: layout_small_grid, hell_entry, serial_shops, shop, serial_glass,
          glass_columns_a, glass_columns_a, door_vault, serial_bayou_shore_a,
          serial_bayou_shore_b, minmay_shop_star, uniq_nikola, uniq_enchantress

Skill      XL: |  1  2  3  4  5  6  7  8  9 10 11 12 13 14 15 16 17 18 19 20 21 22 23 24 25 |
---------------+----------------------------------------------------------------------------+-----
Fighting       | 4 5 6 8 9 10 11 12 13 15 16 17 18 19 20 21 22 24 25 | 25.0
Maces & Flails | 3 4 5 6 8 9 11 13 14 15 16 | 16.0
Armour         | 4 5 6 8 9 10 11 12 13 15 16 18 19 21 | 21.9
Invocations    | 1 5 7 9 10 | 10.0
Dodging        | 3 5 7 9 10 11 12 13 14 16 17 18 | 18.4
Shields        | 7 11 14 16 18 19 | 19.1
Throwing       | 3 6 8 10 11 12 | 12.0

Action                   |  1- 3 |  4- 6 |  7- 9 | 10-12 | 13-15 | 16-18 | 19-21 | 22-24 | 25-27 || total
-------------------------+-------+-------+-------+-------+-------+-------+-------+-------+-------++-------
Melee: Flail             |   157 |   120 |   412 |   448 |       |       |       |       |       ||  1137
       Morningstar       |       |       |       |   487 |  1225 |       |       |       |       ||  1712
       Eveningstar       |       |       |       |       |   524 |  1679 |  1901 |  1970 |   605 ||  6679
       Unarmed           |       |       |       |       |     9 |       |       |       |       ||     9
Throw: Javelin           |       |     3 |     3 |     4 |     4 |    51 |    74 |   179 |     9 ||   327
Invok: Heroism           |       |       |     1 |       |     8 |    10 |    10 |    18 |     3 ||    50
       Duel              |       |       |       |       |       |       |       |     2 |       ||     2
Evoke: Wand              |       |       |     1 |     8 |     4 |     3 |     2 |     3 |     1 ||    22
  Use: Scroll            |       |       |       |     7 |    14 |    26 |    12 |     9 |     1 ||    69
       Potion            |       |       |       |       |       |     4 |     4 |     9 |       ||    17
 Stab: Paralysed         |       |       |       |     5 |       |       |       |       |       ||     5
       Distracted        |       |       |       |       |       |       |     1 |       |       ||     1
       Invisible         |       |       |       |       |       |       |       |     2 |       ||     2
Armor: Scale mail        |    83 |       |       |       |       |       |       |       |       ||    83
       Chain mail        |       |    95 |   284 |   523 |    56 |       |       |       |       ||   958
       Plate armour      |       |       |       |       |   982 |   688 |   759 |   528 |       ||  2957
       Fire dragon scale |       |       |       |       |       |       |       |   144 |   175 ||   319
Dodge: Dodged            |    76 |    50 |   281 |   480 |   986 |   748 |  1015 |   825 |   183 ||  4644
Block: Buckler           |    35 |    33 |   108 |   183 |   454 |   585 |       |       |       ||  1398
       Reflection        |       |       |       |       |     4 |   100 |   108 |    64 |       ||   276
       Kite shield       |       |       |       |       |       |   541 |  1702 |   908 |       ||  3151
       Tower shield      |       |       |       |       |       |       |       |   642 |   554 ||  1196

Table legend: (Time is in decaauts)
 A = Elapsed time spent in this place.
 B = Non-inter-level travel time spent in this place.
 C = Inter-level travel time spent in this place.
 D = Time resting spent in this place.
 E = Time spent auto-exploring this place.
 F = Levels seen in this place.
 G = Mean time per level.
                   A        B        C        D        E       F      G
               +--------+--------+--------+--------+--------+-----+--------+
         Total | 103574 |  93989 |   9585 |  41744 |  23341 |  46 | 2251.6 |
       Dungeon |  24022 |  19464 |   4558 |   5786 |   6886 |  15 | 1601.5 |
          Lair |  19088 |  16721 |   2367 |   8348 |   3415 |   6 | 3181.3 |
        Shoals |   8282 |   8115 |    167 |   4229 |   1784 |   4 | 2070.5 |
     Snake Pit |   9042 |   8796 |    246 |   3949 |   1794 |   4 | 2260.5 |
  Orcish Mines |   4627 |   3979 |    648 |   1201 |    732 |   2 | 2313.5 |
   Elven Halls |   9359 |   8877 |    482 |   4319 |   2468 |   3 | 3119.7 |
        Vaults |  16534 |  15585 |    949 |   7288 |   4063 |   5 | 3306.8 |
         Crypt |   5742 |   5581 |    161 |   1931 |   1575 |   3 | 1914.0 |
        Depths |   3171 |   3168 |      3 |   1881 |    522 |   1 | 3171.0 |
        Wizlab |   3600 |   3600 |      0 |   2759 |    101 |   1 | 3600.0 |
         Arena |    103 |    103 |      0 |     52 |      0 |   2 |   51.5 |
               +--------+--------+--------+--------+--------+-----+--------+

Top non-repeatable levels by time:
Vaults:3: 4712 daAuts
  Lair:5: 4641 daAuts
   Elf:2: 3942 daAuts
  Lair:6: 3922 daAuts
Vaults:1: 3708 daAuts
  Lair:3: 3702 daAuts
  WizLab: 3600 daAuts
 Snake:3: 3273 daAuts
Vaults:5: 3259 daAuts
Depths:1: 3171 daAuts
    D:15: 3163 daAuts
Vaults:2: 3042 daAuts
    D:14: 3023 daAuts
 Crypt:3: 2998 daAuts
  Lair:2: 2981 daAuts
